 Dungeon Crawl Stone Soup version 0.30.1-4-g462c640d31 (webtiles) character file.

Game seed: 6541617725640385479

3595 Spearmint the Covert (level 10, -3/79 HPs)
             Began as a Gnoll Brigand on Aug 4, 2023.
             Slain by a yak (12 damage)
             ... on level 10 of the Dungeon on Aug 10, 2023.
             The game lasted 02:50:42 (10421 turns).

Spearmint the Covert (Gnoll Brigand)               Turns: 10421, Time: 02:50:43

Health: -3/79      AC: 13    Str: 11    XL:     10   Next: 10%
Magic:  17/17      EV: 15    Int: 10    God:
Gold:   620        SH:  0    Dex: 18    Spells: 4/19 levels left

rFire   + . .        p - +5 spear "Egg" {freeze, rF+}
rCold   . . .        (no shield)
rNeg    + . .        z - +0 steam dragon scales
rPois   .            i - +0 helmet
rElec   .            c - +0 cloak
rCorr   .            u - +0 pair of gloves
SInv    .            (no boots)
Will    .....        y - amulet of magic regeneration
Stlth   ++++         t - +4 ring of protection
HPRegen 0.33/turn    I - ring of positive energy
MPRegen 0.55/turn

%: no passive effects
@: no status effects
A: fangs 1, strong nose, distributed training
a: no special abilities


You were on level 10 of the Dungeon.
You visited 2 branches of the dungeon, and saw 11 of its levels.

You collected 620 gold pieces.

Inventory:

Hand Weapons
 p - the +5 spear "Egg" (weapon) {freeze, rF+}
   (You found it on level 2 of the Dungeon)

   rF:        It protects you from fire.
 B - a +1 short sword of electrocution
 C - a +0 glaive
Missiles
 d - 12 poisoned darts
 f - 41 stones (quivered)
 k - 12 boomerangs
 F - 2 curare-tipped darts
Armour
 b - a +1 leather armour of poison resistance
 c - a +0 cloak (worn)
 i - a +0 helmet (worn)
 u - a +0 pair of gloves (worn)
 z - +0 steam dragon scales (worn)
Jewellery
 t - a +4 ring of protection (left hand)
 y - an amulet of magic regeneration (around neck)
 I - a ring of positive energy (right hand)
Wands
 D - a wand of polymorph (13)
 H - a wand of flame (23)
Scrolls
 m - 4 scrolls of magic mapping
 n - 4 scrolls of teleportation
 q - 2 scrolls of immolation
 s - a scroll of fog
 x - a scroll of summoning {unknown}
 A - 3 scrolls of vulnerability
 E - a scroll of enchant armour {unknown}
 J - a scroll of poison {unknown}
Potions
 a - a potion of mutation {unknown}
 g - a potion of lignification {unknown}
 h - a potion of attraction
 j - 3 potions of cancellation
 l - a potion of magic {unknown}
 o - 2 potions of might
 v - 2 potions of berserk rage {unknown}
 w - 2 potions of ambrosia
 G - 2 potions of brilliance


   Skills:
 + Level 7.0 Fighting
 + Level 7.0 Short Blades
 + Level 5.1 Long Blades
 + Level 5.1 Axes
 + Level 5.1 Maces & Flails
 + Level 5.1 Polearms
 + Level 5.1 Staves
 + Level 5.1 Ranged Weapons
 + Level 7.0 Throwing
 + Level 5.1 Armour
 + Level 5.8 Dodging
 + Level 9.4 Stealth
 + Level 5.1 Shields
 + Level 5.1 Unarmed Combat
 + Level 5.1 Spellcasting
 + Level 4.2 Conjurations
 + Level 4.2 Hexes
 + Level 4.2 Summonings
 + Level 4.2 Necromancy
 + Level 4.2 Translocations
 + Level 4.2 Transmutations
 + Level 4.2 Fire Magic
 + Level 4.2 Ice Magic
 + Level 4.2 Air Magic
 + Level 4.2 Earth Magic
 + Level 4.2 Poison Magic
 + Level 5.6 Invocations
 + Level 5.1 Evocations


You had 4 spell levels left.
You knew the following spells:

 Your Spells              Type           Power      Damage    Failure   Level
a - Lesser Beckoning      Tloc           22%        N/A       6%          2
b - Freeze                Ice            44%        1d6       4%          1
c - Volatile Blastmotes   Fire/Tloc      22%        2d11      12%         3
d - Frozen Ramparts       Ice            22%        1d4       12%         3
e - Gell's Gravitas       Tloc           11%        N/A       12%         3
f - Hailstorm             Conj/Ice       11%        3d5       12%         3

Your spell library contained the following spells:

 Spells                   Type           Power      Damage    Failure   Level
 Apportation              Tloc           22%        N/A       4%          1
 Kiss of Death            Conj/Necr      44%        2d8       4%          1
 Sandblast                Erth           22%        2d7       4%          1
 Passwall                 Tmut/Erth      9%         N/A       6%          2
 Sublimation of Blood     Necr           11%        N/A       6%          2
 Wereblood                Tmut           11%        N/A       6%          2
 Confusing Touch          Hex            11%        N/A       12%         3
 Stone Arrow              Conj/Erth      22%        3d8       12%         3
 Teleport Other           Tloc           11%        N/A       12%         3
 Dispel Undead            Necr           11%        3d9       36%         4
 Fulminant Prism          Conj/Hex       5%         3d6       36%         4
 Iskenderun's Mystic Bla  Conj/Tloc      11%        2d4       36%         4
 Alistair's Intoxication  Tmut/Pois      7%         N/A       73%         5
 Lee's Rapid Deconstruct  Erth           5%         3d6*      73%         5
 Summon Hydra             Summ           5%         N/A       100%        7


Dungeon Overview and Level Annotations

Branches:
Dungeon (10/15)            Temple (1/1) D:7
   Lair: D:8-11         Orc: D:9-12

Altars:
Cheibriados
Dithmenos
Elyvilon
Fedhas
Gozag
Hepliaklqana
Kikubaaqudgha
Makhleb
Nemelex Xobeh
Qazlal
Ru
Uskayaw
Wu Jian
Xom
Yredelemnul
Zin
The Shining One

Annotations:
D:4 Menkaure
D:6 2 transporters, Dowan; Duvessa; Pikel; Sigmund; cdecastro's ghost, novice MfSu
D:8 1 runed translucent door, Gastronok; GimliDwarf's ghost, novice GnWn
D:10 Erolcha


Innate Abilities, Weirdness & Mutations

You have very sharp teeth.
Your uncanny sense of smell can sniff out nearby items.
Your experience applies equally to all skills.


Message History

A rock wall.
Okay, then.
You feel better. The yak misses you. The yak closely misses you.
The yak misses you. The yak barely misses you.
Aiming: Paralyse
Press: ? - help, Shift-Dir - straight line, f - yak
Aim: a yak (grey smoke, chance to affect: 62%)
The yak suddenly stops moving!
The yak barely misses you. The yak closely misses you. The yak misses you.
Aiming: Paralyse
Press: ? - help, Shift-Dir - straight line, f - yak, p - yak
Aim: a yak (grey smoke, chance to affect: 62%)
The yak suddenly stops moving!
The yak misses you. The yak closely misses you.
Aiming: Paralyse
Press: ? - help, Shift-Dir - straight line, f - yak, p - yak
Aim: a yak (grey smoke, chance to affect: 62%)
The yak resists with significant effort.
The yak closely misses you. x2
Aiming: Paralyse
Press: ? - help, Shift-Dir - straight line, f - yak, p - yak
Aim: a yak (grey smoke, moderately wounded, chance to affect: 62%)
The yak resists with significant effort.
The yak gores you!
* * * LOW HITPOINT WARNING * * *
The yak closely misses you.
Aiming: Paralyse
Press: ? - help, Shift-Dir - straight line, f - yak, p - yak
Aim: a yak (grey smoke, chance to affect: 62%)
The yak resists with significant effort.
The now-empty wand crumbles to dust.
The yak gores you.
* * * LOW HITPOINT WARNING * * *
The yak gores you but does no damage.
Aiming: Polymorph
Press: ? - help, Shift-Dir - straight line, f/p - yak
Aim: a yak (grey smoke, will become a troll, a cane toad, or a blink frog, chance to affect: 62%)
The yak evaporates and reforms as a cane toad!
The yak gores you!
You die...

.. #.# ∆ ..# ##.#
#<.# ##.## ##..#
#...# #### ....##
#####Y@## ###..#
####..§§YFY# # #..#
#.....§§§§§#
##############§§§##
~~~~~~~~~#~~~#...#
~~#######~~###...#
######~~~~~#.....#
#~~~~~######....#
#######~~~#......#


You could see 3 yaks and a cane toad.

Vanquished Creatures
  A troll (D:8)
  A yak (D:10)
  3 vampire mosquitoes (D:10)
  3 steam dragons
  A water moccasin (D:7)
  3 orc warriors
  A sky beast (D:8)
  2 ogres
  3 bullfrogs
  A kobold brigand (D:9)
  2 scorpions
  A gnoll sergeant (D:8)
  4 wights
  6 killer bees
  A howler monkey (D:7)
  4 jellies
  An orc priest (D:6)
  3 hounds
  6 iguanas
  A gnoll bouda (D:7)
  A sleepcap (D:6)
  5 orc wizards
  Robin (D:4)
  7 gnolls
  3 adders
  2 white imps
  3 ufetubi
  A worm (D:2)
  11 dart slugs
  25 orcs
  4 endoplasms
  3 giant cockroaches
  27 goblins
  7 hobgoblins
  11 kobolds
  3 quokkas
  10 ball pythons
  7 bats
  2 frilled lizards
  7 rats
  2 butterflies (D:7)
190 creatures vanquished.

Notes
Turn   | Place    | Note
-------+----------+-------------------------------------------
     0 | D:1      | Spearmint the Gnoll Brigand began the quest for the Orb.
     0 | D:1      | Reached XP level 1. HP: 20/20 MP: 1/1
   175 | D:1      | Reached XP level 2. HP: 26/26 MP: 2/2
   329 | D:1      | Found a faded altar of an unknown god.
   722 | D:1      | Reached XP level 3. HP: 31/31 MP: 3/3
  1212 | D:2      | Reached skill level 1 in Invocations
  1282 | D:2      | Identified the +5 spear "Egg" {freeze, rF+}
  1325 | D:2      | Reached skill level 1 in Long Blades
  1325 | D:2      | Reached skill level 1 in Axes
  1325 | D:2      | Reached skill level 1 in Maces & Flails
  1325 | D:2      | Reached skill level 1 in Polearms
  1325 | D:2      | Reached skill level 1 in Staves
  1325 | D:2      | Reached skill level 1 in Ranged Weapons
  1325 | D:2      | Reached skill level 1 in Armour
  1325 | D:2      | Reached skill level 1 in Shields
  1325 | D:2      | Reached skill level 1 in Unarmed Combat
  1325 | D:2      | Reached skill level 1 in Spellcasting
  1325 | D:2      | Reached skill level 1 in Evocations
  1996 | D:3      | Reached XP level 4. HP: 29/38 MP: 5/5
  2011 | D:3      | Reached skill level 1 in Conjurations
  2011 | D:3      | Reached skill level 1 in Hexes
  2011 | D:3      | Reached skill level 1 in Summonings
  2011 | D:3      | Reached skill level 1 in Necromancy
  2011 | D:3      | Reached skill level 1 in Translocations
  2011 | D:3      | Reached skill level 1 in Transmutations
  2011 | D:3      | Reached skill level 1 in Fire Magic
  2011 | D:3      | Reached skill level 1 in Ice Magic
  2011 | D:3      | Reached skill level 1 in Air Magic
  2011 | D:3      | Reached skill level 1 in Earth Magic
  2011 | D:3      | Reached skill level 1 in Poison Magic
  2182 | D:3      | Noticed an ogre
  2192 | D:3      | Killed an ogre
  2193 | D:3      | Reached XP level 5. HP: 43/43 MP: 5/7
  2312 | D:3      | Reached skill level 8 in Stealth
  2495 | D:3      | Found a basalt altar of Yredelemnul.
  2773 | D:3      | Reached XP level 6. HP: 50/50 MP: 8/8
  2939 | D:4      | Reached skill level 5 in Fighting
  2939 | D:4      | Reached skill level 5 in Short Blades
  2939 | D:4      | Reached skill level 5 in Throwing
  3075 | D:4      | Found a sparkling altar of Nemelex Xobeh.
  3239 | D:4      | Noticed Robin
  3271 | D:4      | Killed Robin
  3516 | D:4      | Noticed Menkaure
  3872 | D:4      | Found a blossoming altar of Fedhas.
  3976 | D:5      | Entered Level 5 of the Dungeon
  4135 | D:5      | Learned a level 2 spell: Lesser Beckoning
  4376 | D:5      | Reached XP level 7. HP: 56/56 MP: 10/10
  4788 | D:6      | Found a transporter.
  4794 | D:6      | Noticed cdecastro's ghost (novice MfSu)
  4829 | D:6      | Noticed Duvessa
  4829 | D:6      | Noticed Dowan
  5013 | D:6      | Learned a level 1 spell: Freeze
  5081 | D:6      | Found an ornate altar of the Wu Jian Council.
  5087 | D:6      | Noticed a spectral centipede
  5087 | D:6      | Noticed a spectral black mamba
  5087 | D:6      | Noticed a spectral cane toad
  5106 | D:6      | Found a white marble altar of Elyvilon.
  5425 | D:6      | Noticed Pikel
  5584 | D:6      | Noticed Sigmund
  5844 | D:6      | Found a transporter.
  5901 | D:6      | Reached XP level 8. HP: 63/63 MP: 12/12
  6683 | D:7      | Found a staircase to the Ecumenical Temple.
  6870 | D:7      | Found a hazy altar of Hepliaklqana.
  6892 | Temple   | Entered the Ecumenical Temple
  7893 | D:8      | Reached XP level 9. HP: 50/65 MP: 14/14
  8166 | D:7      | Upgraded the game from 0.30.1-3-gfc49f6343a to
                  | 0.30.1-4-g462c640d31
  8342 | D:8      | Noticed Gastronok
  8353 | D:8      | Found a runed translucent door.
  8360 | D:8      | Reached skill level 5 in Dodging
  8381 | D:8      | Reached skill level 9 in Stealth
  8383 | D:8      | Noticed GimliDwarf's ghost (novice GnWn)
  8424 | D:8      | Found a shimmering altar of Xom.
  8467 | D:8      | Noticed a troll
  8471 | D:8      | Found a shimmering altar of Xom.
  8472 | D:8      | Found a shimmering altar of Xom.
  8499 | D:8      | Killed a troll
  8768 | D:9      | Reached skill level 5 in Invocations
  8985 | D:9      | Learned a level 3 spell: Volatile Blastmotes
  8989 | D:9      | Learned a level 3 spell: Frozen Ramparts
  8993 | D:9      | Learned a level 3 spell: Gell's Gravitas
  8997 | D:9      | Learned a level 3 spell: Hailstorm
  9333 | D:9      | Noticed a two-headed ogre
  9773 | D:9      | Noticed a two-headed ogre
  9937 | D:9      | Found a stormy altar of Qazlal.
  9999 | D:10     | Entered Level 10 of the Dungeon
 10189 | D:10     | Reached skill level 5 in Long Blades
 10189 | D:10     | Reached skill level 5 in Axes
 10189 | D:10     | Reached skill level 5 in Maces & Flails
 10189 | D:10     | Reached skill level 5 in Polearms
 10189 | D:10     | Reached skill level 5 in Staves
 10189 | D:10     | Reached skill level 5 in Ranged Weapons
 10189 | D:10     | Reached skill level 5 in Armour
 10189 | D:10     | Reached skill level 5 in Shields
 10189 | D:10     | Reached skill level 5 in Unarmed Combat
 10189 | D:10     | Reached skill level 5 in Spellcasting
 10189 | D:10     | Reached skill level 5 in Evocations
 10189 | D:10     | Reached XP level 10. HP: 67/77 MP: 17/17
 10323 | D:10     | Noticed Erolcha
 10421 | D:10     | a yak changed into a cane toad
 10421 | D:10     | Noticed a cane toad
 10421 | D:10     | Slain by a yak

Illustrated notes

Levels and vault maps discovered:
D:1:      beargit_arrival_diablo_church, layout_loops_ring,
          ebering_ecumenical_altar_abandoned, st_stairs_7,
          amcnicky_mini_corridor_feature, minmay_misc_feat_encased,
          corexii_leaking_fountain
D:2:      layout_basic
D:3:      kennysheep_slugbush, layout_loops_ring, lemuel_round_altar,
          minmay_ogre_servants
D:4:      layout_layer_cave, nemelex_diamond_rough_becter,
          mainiacjoe_overflow_alcove_4, uniq_menkaure, uniq_robin
D:5:      layout_loops_ring
D:6:      layout_loops_corners, mainiacjoe_overflow_concentric_impassable,
          pdpol_wu_jian_five_deadly_venoms, mainiacjoe_overflow_alcove_1,
          gammafunk_ghost_stat_death, uniq_duvessa, uniq_pikel, uniq_sigmund
D:7:      layout_basic, nzn_hepliaklqana_mist_gate,
          minmay_temple_entry_butterflies, kennysheep_generic_room_7
D:8:      layout_rooms, xom_redecorated, ebering_ghost_reflecting_pool,
          uniq_gastronok
D:9:      layout_basic, nicolae_qazlal_style_of_elements
D:10:     layout_cave_pods, minitemple, serial_rivers,
          chequers_serial_rivers_room_b, chequers_serial_rivers_small_b,
          chequers_serial_rivers_micro_d, chequers_serial_rivers_large_b,
          chequers_serial_rivers_small_b, chequers_serial_rivers_micro_b,
          uniq_erolcha, uniq_josephine
Temple:   dpeg_three_leaves_temple

Skill      XL: |  1  2  3  4  5  6  7  8  9 10 |
---------------+-------------------------------+-----
Invocations    | 1 2 3 4 5 |  5.6
Long Blades    | 1 2 3 5 |  5.1
Axes           | 1 2 3 5 |  5.1
Maces & Flails | 1 2 3 5 |  5.1
Polearms       | 1 2 3 5 |  5.1
Staves         | 1 2 3 5 |  5.1
Ranged Weapons | 1 2 3 5 |  5.1
Armour         | 1 2 3 5 |  5.1
Shields        | 1 2 3 5 |  5.1
Unarmed Combat | 1 2 3 5 |  5.1
Spellcasting   | 1 2 3 5 |  5.1
Evocations     | 1 2 3 5 |  5.1
Conjurations   | 1 2 3 4 |  4.2
Hexes          | 1 2 3 4 |  4.2
Summonings     | 1 2 3 4 |  4.2
Necromancy     | 1 2 3 4 |  4.2
Translocations | 1 2 3 4 |  4.2
Transmutations | 1 2 3 4 |  4.2
Fire Magic     | 1 2 3 4 |  4.2
Ice Magic      | 1 2 3 4 |  4.2
Air Magic      | 1 2 3 4 |  4.2
Earth Magic    | 1 2 3 4 |  4.2
Poison Magic   | 1 2 3 4 |  4.2
Dodging        | 3 4 5 |  5.8
Stealth        | 8 9 |  9.4
Fighting       | 5 6 7 |  7.0
Short Blades   | 5 6 7 |  7.0
Throwing       | 5 6 7 |  7.0

Action                     |  1- 3 |  4- 6 |  7- 9 | 10-12 || total
---------------------------+-------+-------+-------+-------++-------
  Melee: Dagger            |    69 |       |       |       ||    69
         Bite              |     7 |     3 |    35 |     3 ||    48
         Spear             |    19 |   106 |   343 |    22 ||   490
         Punch             |       |     2 |     7 |     1 ||    10
  Throw: Stone             |    16 |    20 |    28 |     1 ||    65
         Dart              |       |     3 |    24 |     3 ||    30
         Boomerang         |       |     5 |    33 |     1 ||    39
   Cast: Freeze            |       |       |     2 |       ||     2
         Gell's Gravitas   |       |       |       |     1 ||     1
  Evoke: Wand              |       |       |    12 |     8 ||    20
    Use: Scroll            |       |     5 |     6 |     1 ||    12
         Potion            |       |     1 |     2 |     3 ||     6
   Stab: Sleeping          |    18 |    16 |     8 |       ||    42
         Paralysed         |       |       |    10 |       ||    10
 Armour: Robe              |    15 |    13 |       |       ||    28
         Leather armour    |       |    21 |   103 |       ||   124
         Steam dragon scal |       |       |    15 |     9 ||    24
  Dodge: Dodged            |    34 |    57 |   235 |    46 ||   372
